 Dungeon Crawl Stone Soup version 0.25.1-2-g60ff931df9 (webtiles) character file.

Game seed: 7949243677118272407

205793 selver the Warrior (level 18, -6/158 HPs)
             Began as a Merfolk Gladiator on Oct 19, 2020.
             Was the Champion of Fedhas.
             Mangled by a wolf spider (17 damage)
             ... on level 2 of the Spider Nest on Oct 20, 2020.
             The game lasted 02:57:05 (44239 turns).

selver the Warrior (Merfolk Gladiator)             Turns: 44239, Time: 02:57:05

Health: -6/158     AC: 26    Str: 20    XL:     18   Next: 69%
Magic:  24/27      EV:  9    Int: 10    God:    Fedhas [******]
Gold:   6036       SH: 22    Dex: 21    Spells: 17/17 levels left

rFire    . . .     SeeInvis +   a - +7 trident (freeze)
rCold    + + .     Gourm    .   Z - +2 kite shield {AC+3}
rNeg     + + +     Faith    .   c - +3 plate armour {rC+}
rPois    .         Spirit   .   G - +2 hat {SInv}
rElec    .         Reflect  +   (no cloak)
rCorr    .         Harm     .   e - +2 pair of gloves of Pessimism {rN++ Stlth+}
MR       +....                  (no boots)
Stlth    ..........             w - amulet of reflection
HPRegen  0.36/turn              N - +4 ring of slaying
MPRegen  0.20/turn              i - ring "Negu Qat" {rC+ rN+ Dex+6}

@: no status effects
A: change form in water, swift swim, stealthy swim
}: 1/15 runes: decaying
a: Wall of Briars, Grow Ballistomycete, Overgrow, Grow Oklob, Renounce Religion


You were on level 2 of the Spider Nest.
You worshipped Fedhas.
Fedhas was exalted by your worship.
You were not hungry.

You visited 6 branches of the dungeon, and saw 30 of its levels.
You also visited: Ice Cave.

You collected 7599 gold pieces.
You spent 1563 gold pieces at shops.

Inventory:

Hand Weapons
 a - a +7 trident of freezing (weapon)
 b - the +12 hunting sling of Qorphuutu {flame, Str+4}
   (You found it on level 5 of the Dungeon)

   It causes projectiles fired from it to burn those they strike, causing extra
   injury to most foes and up to half again as much damage against particularly
   susceptible opponents.
   It affects your strength (+4).
Missiles
 s - 880 stones
 u - a throwing net (quivered)
 y - a sling bullet
Armour
 c - a +3 plate armour of cold resistance (worn)
 e - the +2 pair of gloves of Pessimism (worn) {rN++ Stlth+}
   (You found it on level 1 of the Spider Nest)

   It greatly protects you from negative energy.
   It makes you more stealthy.
 C - the +0 helmet of Lugonu's Favour {MR- Int+2 Dex+3 Slay+3}
   (You found it on level 7 of the Dungeon)

   It affects your intelligence (+2).
   It affects your dexterity (+3).
   It affects your accuracy and damage with ranged weapons and melee attacks
   (+3).
   It affects your resistance to hostile enchantments.
 G - a +2 hat of see invisible (worn)
 M - +0 pearl dragon scales
 X - a +2 pair of gloves of dexterity
 Z - a +2 kite shield of protection (worn)
Jewellery
 d - an uncursed ring of protection from magic
 h - a +4 ring of protection
 i - the ring "Negu Qat" (right hand) {rC+ rN+ Dex+6}
   (You found it on level 15 of the Dungeon)

   [ring of protection from cold]

   It affects your dexterity (+6).
   It protects you from cold.
   It protects you from negative energy.
 n - an uncursed ring of resist corrosion
 w - an amulet of reflection (around neck)
 F - an uncursed ring of positive energy
 K - an uncursed ring of protection from fire
 N - a +4 ring of slaying (left hand)
 R - an uncursed ring of protection from cold
Wands
 j - a wand of iceblast (25)
 z - a wand of paralysis (1)
 D - a wand of flame (21)
 E - a wand of digging (5)
 S - a wand of clouds (5)
Scrolls
 g - 2 scrolls of fear
 k - 5 scrolls of fog
 l - 5 scrolls of amnesia
 r - 4 scrolls of enchant weapon
 t - 3 scrolls of identify
 A - 2 scrolls of remove curse
 H - 6 scrolls of enchant armour
 L - 3 scrolls of magic mapping
 W - 7 scrolls of teleportation
Potions
 m - 2 potions of flight
 o - 2 potions of brilliance
 p - 2 potions of haste
 q - 5 potions of lignification
 v - 2 potions of cancellation
 x - 2 potions of berserk rage
 O - 3 potions of stabbing
 Q - 4 potions of curing
 T - 4 potions of resistance
 V - 2 potions of invisibility
 Y - a potion of magic
Comestibles
 f - 55 rations
 B - 4 chunks of flesh


   Skills:
 * Level 18.6 Fighting
 - Level 14.0 Polearms
 - Level 12.0(12.1) Slings
 - Level 2.0(9.5) Throwing
 + Level 11.9 Armour
 - Level 4.0 Dodging
 - Level 15.0 Shields
 - Level 12.4 Invocations


You had 17 spell levels left.
You didn't know any spells.
Your spell library contained the following spells:

 Spells                   Type           Power        Failure   Level  Hunger
 Apportation              Tloc           #.....       99%         1    ##.....
 Beastly Appendage        Tmut           #.....       99%         1    ##.....
 Corona                   Hex            #......      99%         1    ##.....
 Foxfire                  Conj/Fire      #...         99%         1    ##.....
 Summon Butterflies       Summ           #.......     99%         1    ##.....
 Ensorcelled Hibernation  Hex/Ice        #.....       100%        2    ###....
 Sticks to Snakes         Tmut           #.......     100%        2    ###....
 Confusing Touch          Hex            #.......     100%        3    ####...
 Dazzling Flash           Conj/Hex       #.....       100%        3    ####...
 Gell's Gravitas          Tloc           #.........   100%        3    ####...
 Ignite Poison            Fire/Tmut/Pois #.......     100%        3    ####...
 Lesser Beckoning         Tloc           #.........   100%        3    ####...
 Portal Projectile        Hex/Tloc       #.....       100%        3    ####...
 Spider Form              Tmut/Pois      #.........   100%        3    ####...
 Static Discharge         Conj/Air       #.......     100%        3    ####...
 Tukima's Dance           Hex            #.......     100%        3    ####...
 Cause Fear               Hex            #.........   100%        4    #####..
 Ice Form                 Ice/Tmut       #.......     100%        4    #####..
 Leda's Liquefaction      Hex/Erth       #.........   100%        4    #####..
 Alistair's Intoxication  Tmut/Pois      #.......     100%        5    ######.
 Blade Hands              Tmut           #.........   100%        5    ######.
 Bolt of Magma            Conj/Fire/Erth #.........   100%        5    ######.
 Fireball                 Conj/Fire      #.........   100%        5    ######.
 Iskenderun's Battlesphe  Conj/Chrm      #.......     100%        5    ######.
 Lightning Bolt           Conj/Air       #.........   100%        5    ######.
 Dispersal                Tloc           #.........   100%        6    #######
 Invisibility             Hex            #.......     100%        6    #######
 Iron Shot                Conj/Erth      #.........   100%        6    #######
 Starburst                Conj/Fire      #.........   100%        6    #######
 Statue Form              Tmut/Erth      #........    100%        6    #######
 Dragon Form              Tmut           #.........   100%        7    #######
 Orb of Destruction       Conj           #.........   100%        7    #######
 Ring of Flames           Chrm/Fire      #.........   100%        7    #######
 Spellforged Servitor     Conj/Summ      #.........   100%        7    #######
 Controlled Blink         Tloc           N/A          100%        8    #######
 Disjunction              Tloc           #.........   100%        8    #######
 Ignition                 Fire           #.........   100%        8    #######
 Dragon's Call            Summ           #.........   100%        9    #######
 Shatter                  Erth           #.........   100%        9    #######
 Tornado                  Air            #.........   100%        9    #######


Dungeon Overview and Level Annotations

Branches:
Dungeon (15/15)            Temple (1/1) D:7            Lair (6/6) D:8
  Swamp (4/4) Lair:4       Spider (2/4) Lair:3        Slime (0/5) Lair:6
    Orc (2/2) D:9             Elf (0/3) Orc:2        Vaults (0/5) D:14
 Depths (0/5) D:15          IceCv (visited)

Altars:
Ashenzari
Cheibriados
Dithmenos
Elyvilon
Fedhas
Gozag
Hepliaklqana
Kikubaaqudgha
Makhleb
Nemelex Xobeh
Okawaru
Qazlal
Ru
Sif Muna
Trog
Uskayaw
Vehumet
Wu Jian
Xom
Yredelemnul
The Shining One
Beogh
Jiyva

Shops:
D:8 *!=   Orc:2 }[%

Portals:
Pandemonium: Orc:2

Annotations:
D:12 babuloseo's ghost, journeyman HuHu
D:14 3 runed translucent doors, Kapsuk's ghost, journeyman DECj
Spider:1 Roxanne


Message History

Unknown command.
The wolf spider hits you! You block the wolf spider's attack.
The wolf spider hits you!!
* * * LOW HITPOINT WARNING * * *
You block the wolf spider's attack.
Okay, then.
Unknown command.
Okay, then.
A briar patch grows up from the ground. x4; You feel slightly more hungry.
You block the wolf spider's attack. x2; The wolf spider misses you.
The wolf spider bites you!
* * * LOW HITPOINT WARNING * * *
The wolf spider hits you.
* * * LOW HITPOINT WARNING * * *
The wolf spider bites you!
* * * LOW HITPOINT WARNING * * *
You block the wolf spider's attack. The wolf spider closely misses you.
You block the wolf spider's attack. The wolf spider bites you!
You die...
Fedhas appreciates your contribution to the ecosystem.

#..#..### ^..8.8.(.# †..##.##
.......8 #..#...### #..#..#
......##.## ###..#(.###
##^.#.....###..(.(....#
..#..#.#...##...8(....#
.#...#...#.##8..(....8#
...#..#.#..#####ss.####
..#^......######@P.####
#...#.)#..)##8.PPP...8# .#
.^#.#....#.##...8.8...### .##
#.#.[.#..#.##8.(.....8##.# #..#
#....##....####..#^.####.. .#.#
..#......#.####..#..### ..##y..#
#.###.##...##8.....†^.# .....#
#........#^##...8††.^^####..#.##
...##..#...##8.......8##...#...#


You could see 2 wolf spiders.

Vanquished Creatures
  Rupert (D:12)
  Jorgrun (Spider:1)
  Gastronok (Lair:2)
  A shadow dragon (D:15)
  Kirke (D:15)
  An azure jelly (Swamp:4)
  A ghost moth (Spider:2)
  A frost giant (IceCv)
  3 orc warlords (Orc:2)
  Aizul (Swamp:1)
  3 emperor scorpions
  2 entropy weavers
  Nessos (Lair:5)
  3 dire elephants (Lair:6)
  A spark wasp (Spider:2)
  Snorg (D:12)
  A fire dragon (D:15)
  2 ettins (D:15)
  2 yaktaur captains (D:15)
  2 ogre magi
  11 vault guards
  3 great orbs of eyes (D:15)
  17 hydras
  2 ice dragons (Swamp:4)
  A catoblepas (D:15)
  An anaconda (Lair:6)
  Harold (D:7)
  5 centaur warriors
  2 two-headed ogres
  Erica (Orc:1)
  6 death yaks (Lair:6)
  2 ghost crabs (Swamp:2)
  10 alligators
  A deep troll earth mage (D:15)
  6 orc high priests
  A sun demon (Orc:2)
  3 skeletal warriors (D:15)
  5 unseen horrors
  A death drake (shapeshifter) (D:15)
  3 spriggan druids (Swamp:4)
  2 swamp dragons (Swamp:2)
  A torturous demonspawn (Orc:2)
  A lindwurm (Lair:6)
  A deep elf archer (D:15)
  10 orc knights
  An infernal demonspawn (Orc:2)
  2 deep elf magi
  7 orb spiders
  10 orc sorcerers
  15 wolf spiders
  3 cyclopes
  5 ugly things
  11 slime creatures
  2 manticores
  Maurice (Orc:2)
  3 moths of wrath (Spider:2)
  3 centaur zombies
  Joseph (D:9)
  9 elephants
  4 black mambas
  Psyche (D:12)
  A rust devil (Orc:2)
  2 torpor snails
  17 spiny frogs
  A gargoyle (D:13)
  An ice statue (IceCv)
  A smoke demon (Orc:2)
  14 komodo dragons
  5 rime drakes
  A redback zombie (D:15)
  10 demonic crawlers
  4 freezing wraiths (Swamp:4)
  A red devil (Orc:2)
  11 polar bears (IceCv)
  5 trolls
  A harpy zombie (D:15)
  20 jumping spiders
  A meliai (D:13)
  9 hornets
  6 tyrant leeches
  14 blink frogs
  7 bog bodies
  4 hippogriffs
  2 shadows
  6 spriggans
  A yak (shapeshifter) (D:15)
  43 redbacks
  5 wyverns
  Sigmund (D:4)
  A vampire (D:14)
  56 yaks
  A ynoxinul (Orc:2)
  15 tarantellas
  3 basilisks
  4 hungry ghosts
  A hog (D:15)
  A chaos spawn (Orc:2)
  32 vampire mosquitoes
  A steam dragon (D:8)
  4 swamp worm simulacra (Swamp:4)
  18 swamp worms
  9 insubstantial wisps
  7 wargs
  14 water moccasins
  A soldier ant (D:12)
  2 floating eyes (D:15)
  16 hydra simulacra (Swamp:4)
  7 swamp drakes
  2 phantoms (D:11)
  8 porcupines
  2 ice beasts (D:6)
  59 orc warriors
  6 sky beasts
  A necrophage (D:11)
  A black bear (Lair:2)
  15 ogres
  20 wolves
  13 centaurs
  14 crocodiles
  A big kobold (D:14)
  15 bullfrogs
  A gnoll sergeant (D:10)
  A wyvern skeleton (D:8)
  6 scorpions
  A water moccasin skeleton (D:8)
  12 killer bees
  8 wights (D:10)
  2 howler monkeys
  7 crimson imps
  3 quasits
  6 jellies
  10 hounds
  29 orc priests
  2 bullfrog skeletons
  5 centaur skeletons
  2 iguanas
  9 worker ants
  16 orc wizards
  A howler monkey zombie (D:7)
  2 worker ant zombies
  20 adders
  17 gnolls
  2 shadow imps
  5 oozes
  4 swamp drake simulacra (Swamp:4)
  2 adder zombies (D:9)
  An adder skeleton (D:8)
  3 worms (D:1)
  2 dart slugs (D:2)
  8 leopard geckos
  108 orcs
  10 giant cockroaches
  4 goblins
  5 hobgoblins
  6 jackals (D:1)
  8 quokkas
  10 bats
  5 frilled lizards
  3 kobolds
  2 leopard gecko skeletons
  7 rats
1104 creatures vanquished.

Vanquished Creatures (collateral kills)
  An orc warlord (Orc:1)
  An entropy weaver (Spider:1)
  A dire elephant (Lair:6)
  A vault guard (D:14)
  A centaur warrior (D:15)
  An orc high priest (Orc:2)
  2 skeletal warriors (D:15)
  An unseen horror (D:15)
  An orc knight (Orc:1)
  A necromancer (D:15)
  A troll (Orc:1)
  6 polar bears (IceCv)
  A centaur simulacrum (D:15)
  A yak (IceCv)
  3 redbacks (Spider:1)
  2 orc warriors
  An ogre (Orc:2)
  A wolf (IceCv)
  2 centaurs
  An orc wizard (Orc:2)
  6 orcs
36 creatures vanquished.

Vanquished Creatures (others)
  A shambling mangrove (Swamp:4)
  An alligator (Swamp:4)
  A spriggan (Swamp:4)
  4 hornets (Swamp:4)
  3 humans (D:15)
  A vampire mosquito (Swamp:4)
  2 insubstantial wisps (Swamp:4)
  2 bushes
  21 fungi
  37 plants
73 creatures vanquished.

Grand Total: 1213 creatures vanquished

Notes
Turn   | Place    | Note
-------+----------+-------------------------------------------
     0 | D:1      | selver the Merfolk Gladiator began the quest for the Orb.
     0 | D:1      | Reached XP level 1. HP: 16/16 MP: 1/1
     1 | D:1      | Found a runed translucent door.
    70 | D:1      | Reached skill level 5 in Polearms
   107 | D:1      | Reached XP level 2. HP: 22/22 MP: 2/2
   708 | D:1      | Reached XP level 3. HP: 27/27 MP: 3/3
  1021 | D:1      | Reached XP level 4. HP: 33/33 MP: 4/4
  1526 | D:2      | Reached XP level 5. HP: 38/38 MP: 5/5
  1938 | D:3      | Found a hide-covered altar of Uskayaw.
  2148 | D:3      | Noticed a hungry ghost
  2181 | D:3      | Killed a hungry ghost
  2181 | D:3      | Reached XP level 6. HP: 43/44 MP: 6/6
  2545 | D:3      | Found a shadowy altar of Dithmenos.
  2546 | D:3      | Found a radiant altar of Vehumet.
  2830 | D:3      | Reached skill level 10 in Polearms
  3055 | D:4      | Reached XP level 7. HP: 30/50 MP: 7/7
  3359 | D:4      | Noticed Sigmund
  3439 | D:4      | Killed Sigmund
  3832 | D:5      | Entered Level 5 of the Dungeon
  3870 | D:5      | Got a dazzling hunting sling
  3871 | D:5      | Identified the +12 hunting sling of Qorphuutu {flame,
                  | Str+4} (You found it on level 5 of the Dungeon)
  4192 | D:5      | Reached skill level 1 in Slings
  4192 | D:5      | Reached XP level 8. HP: 56/56 MP: 8/8
  5695 | D:6      | Found a stormy altar of Qazlal.
  5697 | D:6      | Noticed a water elemental
  5697 | D:6      | Noticed an air elemental
  6158 | D:7      | Reached XP level 9. HP: 61/61 MP: 9/9
  6281 | D:7      | Reached skill level 5 in Slings
  6338 | D:7      | Found an ornate altar of the Wu Jian Council.
  6339 | D:7      | Got a bloodstained helmet
  6350 | D:7      | Identified the cursed +0 helmet of Lugonu's Favour {MR-
                  | Int+2 Dex+3 Slay+3} (You found it on level 7 of the
                  | Dungeon)
  6518 | D:7      | Reached skill level 3 in Fighting
  6755 | D:7      | Found a staircase to the Ecumenical Temple.
  6808 | Temple   | Entered the Ecumenical Temple
  6881 | Temple   | Became a worshipper of Fedhas Madash
  7094 | D:7      | Noticed Harold
  7123 | D:7      | Killed Harold
  7123 | D:7      | Reached skill level 5 in Fighting
  7582 | D:8      | Reached XP level 10. HP: 75/75 MP: 10/10
  7596 | D:8      | Found Roneca's General Store.
  7747 | D:8      | Bought a scroll of torment for 105 gold pieces
  7747 | D:8      | Bought a scroll of enchant armour for 105 gold pieces
  7747 | D:8      | Bought 24 sling bullets for 168 gold pieces
  7896 | D:8      | Found a bloodstained altar of Trog.
  7924 | D:8      | Reached skill level 6 in Fighting
  8086 | D:8      | Found Higoph's Jewellery Emporium.
  8150 | D:8      | Found a burning altar of Makhleb.
  8159 | D:8      | Found a shimmering altar of Xom.
  8205 | D:8      | Found a sacrificial altar of Ru.
  8290 | D:8      | Reached * piety under Fedhas
  8512 | D:8      | Found Qetrun's Distillery.
  8791 | D:8      | Reached skill level 7 in Fighting
  9263 | D:8      | Found a staircase to the Lair.
  9710 | D:9      | Killed an unseen horror
  9710 | D:9      | Reached skill level 8 in Fighting
  9779 | D:9      | Noticed Joseph
  9823 | D:9      | Reached skill level 9 in Fighting
  9823 | D:9      | Reached XP level 11. HP: 43/89 MP: 11/11
  9834 | D:9      | Reached ** piety under Fedhas
 10145 | D:9      | Found a staircase to the Orcish Mines.
 10342 | D:9      | Found a glowing golden altar of the Shining One.
 10419 | D:9      | Found an ancient bone altar of Kikubaaqudgha.
 10477 | D:9      | Killed Joseph
 10705 | D:10     | Entered Level 10 of the Dungeon
 11011 | D:10     | Reached skill level 1 in Invocations
 11433 | Lair:1   | Entered Level 1 of the Lair of Beasts
 11444 | D:8      | Reached *** piety under Fedhas
 11521 | Lair:1   | Reached skill level 10 in Slings
 11913 | Lair:1   | Reached skill level 5 in Invocations
 11913 | Lair:1   | Reached XP level 12. HP: 97/97 MP: 15/15
 12106 | Lair:2   | Reached skill level 1 in Armour
 12155 | Lair:2   | Noticed Gastronok
 12171 | Lair:2   | Killed Gastronok
 12426 | Lair:2   | Noticed an eight-headed hydra
 12429 | Lair:2   | Killed an eight-headed hydra
 12436 | Lair:2   | Reached **** piety under Fedhas
 12689 | Lair:2   | Noticed a five-headed hydra
 12695 | Lair:2   | Killed a five-headed hydra
 12718 | Lair:2   | Got an encrusted leather armour
 12729 | Lair:2   | Identified the +1 leather armour of Joulont {rElec} (You
                  | found it on level 2 of the Lair of Beasts)
 13228 | Lair:3   | Reached XP level 13. HP: 97/102 MP: 18/18
 13476 | Lair:3   | Reached skill level 5 in Armour
 13809 | Lair:3   | Reached skill level 1 in Shields
 13812 | Lair:3   | Found a hole to the Spider Nest.
 13842 | Lair:3   | Reached ***** piety under Fedhas
 14369 | Lair:4   | Found a staircase to the Swamp.
 14982 | Lair:5   | Noticed Nessos
 14990 | Lair:5   | Killed Nessos
 15596 | Lair:5   | Got an ichor-stained morningstar
 15597 | Lair:5   | Identified the cursed +1 morningstar of the Wolf {elec,
                  | +Fly rF+ Str+7 Stlth-} (You found it on level 5 of the Lair
                  | of Beasts)
 16455 | Lair:6   | Entered Level 6 of the Lair of Beasts
 16769 | Lair:6   | Found a frozen archway.
 16779 | IceCv    | Entered an ice cave
 16926 | IceCv    | Reached XP level 14. HP: 109/109 MP: 20/20
 16982 | IceCv    | Reached skill level 5 in Shields
 17282 | IceCv    | Identified a scroll of acquirement
 17282 | IceCv    | Acquired 4260 gold pieces
 18497 | IceCv    | Noticed a frost giant
 18516 | IceCv    | Killed a frost giant
 18838 | Lair:6   | Reached skill level 10 in Invocations
 19218 | Lair:6   | Found a viscous altar of Jiyva.
 19218 | Lair:6   | Found a staircase to the Slime Pits.
 19870 | Lair:6   | Noticed a dire elephant
 19889 | Lair:6   | Killed a dire elephant
 19946 | Lair:6   | Noticed a dire elephant
 19946 | Lair:6   | Noticed a dire elephant
 19959 | Lair:6   | Killed a dire elephant
 19967 | Lair:6   | Killed a dire elephant
 20101 | Lair:6   | Noticed a dire elephant
 20111 | Lair:6   | Killed a dire elephant
 20452 | Orc:1    | Entered Level 1 of the Orcish Mines
 20585 | D:9      | Paralysed by an orc sorcerer for 4 turns
 20590 | D:9      | Reached skill level 10 in Fighting
 20933 | Orc:2    | Entered Level 2 of the Orcish Mines
 21136 | Orc:2    | Reached XP level 15. HP: 115/115 MP: 23/23
 21142 | Orc:2    | Noticed an orc warlord
 21175 | Orc:2    | Killed an orc warlord
 21468 | Orc:2    | Found a staircase to the Elven Halls.
 21497 | Orc:2    | Noticed an orc warlord
 21512 | Orc:2    | Killed an orc warlord
 21707 | Orc:2    | Noticed an orc warlord
 21749 | Orc:2    | Killed an orc warlord
 21759 | Orc:2    | Reached skill level 10 in Armour
 21803 | Orc:2    | Noticed an orc warlord
 23145 | Orc:1    | Reached skill level 11 in Fighting
 23955 | Orc:1    | Killed an orc warlord
 24382 | Orc:2    | Paralysed by an orc sorcerer for 6 turns
 24822 | Orc:2    | Found Foajoem's Food Boutique.
 24825 | Orc:2    | Found Niung's Food Shop.
 25114 | Orc:2    | Found Arhirit's Antique Armour Shoppe.
 25114 | Orc:2    | Found Conaep's Gadget Emporium.
 25123 | Orc:2    | Found a one-way gate leading to the halls of Pandemonium.
 25217 | Orc:2    | Bought a glowing kite shield for 180 gold pieces
 25217 | Orc:2    | Bought a pair of runed gloves for 180 gold pieces
 25369 | Orc:2    | Bought a ration for 55 gold pieces
 25369 | Orc:2    | Bought a ration for 55 gold pieces
 25369 | Orc:2    | Bought a ration for 55 gold pieces
 25369 | Orc:2    | Bought a ration for 55 gold pieces
 25369 | Orc:2    | Bought a ration for 55 gold pieces
 25369 | Orc:2    | Bought a ration for 55 gold pieces
 25369 | Orc:2    | Bought a ration for 55 gold pieces
 25369 | Orc:2    | Bought a ration for 55 gold pieces
 25369 | Orc:2    | Bought a ration for 55 gold pieces
 25369 | Orc:2    | Bought a ration for 55 gold pieces
 25369 | Orc:2    | Bought a ration for 55 gold pieces
 25369 | Orc:2    | Bought a ration for 55 gold pieces
 25369 | Orc:2    | Bought a ration for 55 gold pieces
 25369 | Orc:2    | Bought a ration for 55 gold pieces
 25369 | Orc:2    | Bought a ration for 55 gold pieces
 25528 | Orc:2    | Reached skill level 12 in Fighting
 25724 | Orc:2    | Noticed Maurice
 25733 | Orc:2    | Killed Maurice
 25909 | Orc:1    | Paralysed by an orc sorcerer for 7 turns
 26918 | Orc:1    | Noticed Erica
 26922 | Orc:1    | Killed Erica
 28026 | D:12     | Identified the +3 ring mail "Xirepau" {Str+6 Int-2 Dex+6}
 28026 | D:12     | Noticed Rupert
 28028 | D:12     | Paralysed by Rupert for 7 turns
 28050 | D:12     | Found a runed translucent gate.
 28050 | D:12     | Found a runed translucent gate.
 28050 | D:12     | Found a runed translucent gate.
 28050 | D:12     | Noticed Psyche
 28330 | D:12     | Killed Psyche
 28461 | D:12     | Found the ring of the Mage {Wiz MR++ Int+3}
 28461 | D:12     | Noticed babuloseo's ghost (journeyman HuHu)
 28697 | D:12     | Reached skill level 10 in Shields
 29101 | D:12     | Noticed Snorg
 29110 | D:12     | Killed Snorg
 29110 | D:12     | Reached skill level 13 in Fighting
 29110 | D:12     | Reached XP level 16. HP: 125/130 MP: 24/24
 29573 | D:12     | Paralysed by Rupert for 7 turns
 29582 | D:12     | Killed Rupert
 30760 | D:14     | Identified the ring of Spring {rC+ MR+ Int+4 Dex+3}
 30893 | D:14     | Reached ****** piety under Fedhas
 30911 | D:14     | Found a gate to the Vaults.
 30928 | D:14     | Reached skill level 14 in Fighting
 31128 | D:14     | Found a roughly hewn altar of Beogh.
 31272 | D:14     | Found a runed translucent gate.
 31272 | D:14     | Found a runed translucent gate.
 31272 | D:14     | Found an ancient bone altar of Kikubaaqudgha.
 31272 | D:14     | Found a runed translucent gate.
 31272 | D:14     | Noticed a lich
 31272 | D:14     | Noticed Kapsuk's ghost (journeyman DECj)
 31272 | D:14     | Noticed a lich
 31273 | D:14     | Noticed a lich
 31273 | D:14     | Noticed a lich
 31397 | D:14     | Noticed a sphinx
 31415 | D:15     | Entered Level 15 of the Dungeon
 31530 | D:15     | Found a shattered altar of Ashenzari.
 31611 | D:15     | Noticed Kirke
 31621 | D:15     | Killed Kirke
 31667 | D:15     | Noticed a shadow dragon
 31694 | D:15     | Killed a shadow dragon
 32275 | D:15     | Got a twitching ivory ring
 32277 | D:15     | Identified the ring "Negu Qat" {rC+ rN+ Dex+6} (You found
                  | it on level 15 of the Dungeon)
 32388 | D:15     | Found a stormy altar of Qazlal.
 32983 | D:15     | Got a smoking copper ring
 32988 | D:15     | Identified the ring "Ylyh" {rC+ rCorr} (You found it on
                  | level 15 of the Dungeon)
 33127 | D:15     | Found a staircase to the Depths.
 33208 | D:15     | Reached XP level 17. HP: 137/140 MP: 22/25
 33718 | D:15     | Found an ornate altar of the Wu Jian Council.
 34069 | D:15     | Got an ancient iron ring
 34071 | D:15     | Identified the ring of Hehirof {Ice rPois} (You found it on
                  | level 15 of the Dungeon)
 34667 | Swamp:1  | Entered Level 1 of the Swamp
 34879 | Swamp:1  | Reached skill level 15 in Shields
 34935 | Swamp:1  | Acquired an uncursed amulet of reflection
 35289 | Swamp:1  | Noticed Aizul
 35309 | Swamp:1  | Killed Aizul
 35309 | Swamp:1  | Reached skill level 15 in Fighting
 37173 | Swamp:2  | Reached skill level 16 in Fighting
 38475 | Swamp:4  | Entered Level 4 of the Swamp
 39470 | Swamp:4  | Reached skill level 17 in Fighting
 40036 | Swamp:4  | Reached XP level 18. HP: 145/155 MP: 27/27
 40049 | Swamp:4  | Got a decaying rune of Zot
 40347 | Spider:1 | Entered Level 1 of the Spider Nest
 41492 | Spider:1 | Got a pair of fine gloves
 41493 | Spider:1 | Identified the +2 pair of gloves of Pessimism {rN++ Stlth+}
                  | (You found it on level 1 of the Spider Nest)
 41536 | Spider:1 | Noticed Jorgrun
 41543 | Spider:1 | Killed Jorgrun
 41578 | Spider:1 | Identified Roxanne's Reference Book on Shape Shifting
 41578 | Spider:1 | Noticed Roxanne
 41647 | Spider:1 | Reached skill level 18 in Fighting
 44239 | Spider:2 | Mangled by a wolf spider

Illustrated notes

Levels and vault maps discovered:
D:1:      dpeg_arrival_caged_fury, layout_basic
D:2:      layout_loops_cross
D:3:      layout_basic, eat_drink_and_be_merry_uskayaw,
          nicolae_overflow_hidden_temple
D:4:      layout_rooms, first_ration, minmay_door_square, uniq_sigmund
D:5:      layout_basic
D:6:      cheibrodos_helix_gallery, layout_basic,
          nicolae_qazlal_style_of_elements
D:7:      layout_basic, lemuel_crystal_altar, temple_doors_cd, uniq_harold
D:8:      layout_basic, grunt_temple_overflow_champion_of_chaos,
          nicolae_overflow_crystal_walls, lightli_temple_of_fire,
          erik_lair_dragon, serial_shops, shop, nicolae_shop_behind_doors,
          nicolae_shop_trees
D:9:      layout_rooms, lemuel_round_altar, nicolae_tso_carved_into_rock,
          orc_0_dummy, uniq_joseph
D:10:     layout_long_grid
D:11:     minmay_angry_zag, layout_cave_pods
D:12:     layout_loops_ring, maelrawn_ghost_gauntlet_escape, uniq_rupert,
          uniq_snorg, uniq_psyche
D:13:     minmay_cornered_nines, layout_irregular_city
D:14:     layout_roguey [special_room_orc], erik_vaults_2,
          minmay_tree_intersection, gammafunk_ghost_crypt, blue_anna_alchemist
          [blue_anna_fruit_fields, blue_anna_fruit_fields], minivault_12
D:15:     hangedman_spin_cycle
Temple:   cyrus_temple_forest
Lair:1:   layout_cave_shapes, beast_lair_carwin_9, grunt_megastairs_5,
          serial_bayou_shore_a
Lair:2:   layout_long_grid, patterned_corridor, uniq_gastronok
Lair:3:   layout_cave_pods, spider_nest_entry_funnel_web,
          nicolae_lair_grove_arrangements
Lair:4:   layout_regular_city, palyth_hydra_swamp_entry, lemuel_fruit_tree
Lair:5:   minmay_lair_venomous_thicket, layout_cave_pods, uniq_nessos
Lair:6:   due_jungle_book, layout_regular_city, slime_altar_1,
          portal_ice_cave_entry_pillars_1, chequers_serial_rivers_micro_a
Swamp:1:  layout_basic_swamp, evilmike_swamp_ruin_house_2,
          infiniplex_staircase_pool, uniq_kirke, uniq_aizul
Swamp:2:  layout_basic_swamp, nicolae_swamp_trees_clearing
Swamp:3:  layout_falls_marsh, evilmike_swamp_ruin_house_1, swamp_pool4,
          infiniplex_staircase_pool_2
Swamp:4:  swamp_icy, layout_basic_swamp, swamp_pool1,
          nicolae_swamp_alligator_family
Spider:1: layout_spider_delve, uniq_roxanne, uniq_jorgrun
Spider:2: nicolae_spider_hall_of_the_moth_king
Orc:1:    layout_caves, mines4_lemuel, uniq_erica
Orc:2:    pf_orc_diabolical, layout_diamond_mine, uniq_maurice

Skill      XL: |  1  2  3  4  5  6  7  8  9 10 11 12 13 14 15 16 17 18 |
---------------+-------------------------------------------------------+-----
Polearms       | 5 6 8 9 10 12 13 14 | 14.0
Slings         | 1 4 6 8 10 11 12 | 12.0
Fighting       | 5 9 10 13 14 17 18 | 18.6
Invocations    | 5 7 9 10 11 12 | 12.4
Armour         | 4 7 9 10 11 | 11.9
Shields        | 4 7 10 14 15 | 15.0
Throwing       | |  2.0
Dodging        | |  4.0

Action                   |  1- 3 |  4- 6 |  7- 9 | 10-12 | 13-15 | 16-18 || total
-------------------------+-------+-------+-------+-------+-------+-------++-------
Melee: Trident           |   129 |   166 |   376 |   342 |   211 |   994 ||  2218
       Morningstar       |       |       |       |       |   352 |       ||   352
       Tailslap          |       |       |       |       |       |    26 ||    26
 Fire: Hunting sling     |       |       |    59 |   288 |   977 |   932 ||  2256
Throw: Throwing net      |       |       |       |       |       |     1 ||     1
Invok: Grow Oklob        |       |       |       |       |    14 |     6 ||    20
       Wall of Briars    |       |       |       |       |     4 |    13 ||    17
       Grow Ballistomyce |       |       |       |       |     1 |       ||     1
Evoke: Wand              |       |       |       |       |       |     1 ||     1
  Use: Scroll            |       |     1 |     2 |    10 |    20 |    14 ||    47
       Potion            |       |       |     1 |     3 |    16 |    10 ||    30
 Stab: Sleeping          |     1 |       |       |       |       |       ||     1
       Distracted        |       |       |       |       |       |     1 ||     1
  Eat: Chunk             |       |     7 |    10 |    12 |    31 |    23 ||    83
       Ration            |       |     2 |     1 |     2 |     7 |     7 ||    19
Armor: Leather armour    |     9 |       |       |       |       |       ||     9
       Chain mail        |    27 |    73 |   133 |   130 |       |       ||   363
       Pearl dragon scal |       |       |       |    31 |   306 |       ||   337
       Plate armour      |       |       |       |       |   221 |   492 ||   713
Dodge: Dodged            |    52 |    56 |   128 |   162 |   557 |   282 ||  1237
Block: Buckler           |       |       |       |    14 |   334 |   148 ||   496
       Kite shield       |       |       |       |       |       |   829 ||   829
       Reflection        |       |       |       |       |       |     6 ||     6
